 Dungeon Crawl Stone Soup version 0.21.1-1-g345015fe64 (webtiles) character file.

375 DildoBatman the Sneak (level 7, -1/53 HPs)
             Began as a Formicid Enchanter on Feb 6, 2018.
             Was an Initiate of Sif Muna.
             Killed from afar by Sigmund (8 damage)
             ... with a puff of flame
             ... on level 2 of the Dungeon.
             The game lasted 00:18:14 (5421 turns).

DildoBatman the Sneak (Formicid Enchanter)          Turns: 5421, Time: 00:18:15

Health: -1/53      AC:  5    Str: 14    XL:     7   Next: 3%
Magic:  7/10       EV: 11    Int: 15    God:    Sif Muna [......]
Gold:   137        SH:  0    Dex: 11    Spells: 7/11 levels left

rFire    . . .     SeeInvis +   a - +2 mace (protect)
rCold    . . .     Gourm    .   (no shield)
rNeg     . . .     Faith    .   l - +0 ring mail
rPois    .         Spirit   .   (helmet unavailable)
rElec    .         Reflect  .   (no cloak)
rCorr    .         Harm     .   (no gloves)
MR       +....                  (no boots)
Stlth    ++........             (no amulet)
HPRegen  0.17/turn              i - ring of protection from magic
MPRegen  0.12/turn              (no ring)

@: no status effects
A: permanent stasis, dig shafts and tunnels, four strong arms, antennae 3
a: Dig, Shaft Self, Renounce Religion


You were on level 2 of the Dungeon.
You worshipped Sif Muna.
Sif Muna was noncommittal.
You were near starving.

You visited 2 branches of the dungeon, and saw 5 of its levels.

You collected 137 gold pieces.

Inventory:

Hand Weapons
 a - a +2 mace of protection (weapon)
 b - a +0 quarterstaff
Armour
 l - a +0 ring mail (worn)
Jewellery
 i - a ring of protection from magic (left hand)
Wands
 m - a wand of paralysis (15)
Scrolls
 e - 2 scrolls of amnesia
 f - a scroll of fear
 k - a scroll of random uselessness {unknown}
 p - a scroll of magic mapping
Potions
 h - 2 potions of curing {unknown}
 j - 2 potions of heal wounds {unknown}
 o - 2 potions of berserk rage {unknown}
Books
 c - a book of Maledictions

   Spells                             Type                      Level
   a - Corona                         Hexes                        1
   b - Ensorcelled Hibernation        Hexes/Ice                    2
   c - Confuse                        Hexes                        3
   d - Tukima's Dance                 Hexes                        3
   e - Dazzling Spray                 Conjuration/Hexes            3
 d - a book of Misfortune

   Spells                             Type                      Level
   a - Confusing Touch                Hexes                        1
   b - Confuse                        Hexes                        3
   c - Gell's Gravitas                Translocation                3
   d - Petrify                        Transmutation/Earth          4
   e - Metabolic Englaciation         Hexes/Ice                    5
   f - Yara's Violent Unravelling     Hexes/Transmutation          5
Comestibles
 v - 4 rations


   Skills:
 * Level 3.8 Fighting
   Level 1.0 Short Blades
 * Level 3.9 Armour
 * Level 2.7 Dodging
 * Level 4.9 Stealth
 * Level 2.5 Spellcasting
 * Level 3.9 Hexes


You had 7 spell levels left.
You knew the following spells:

 Your Spells              Type           Power        Failure   Level  Hunger
a - Corona                Hex            ##.....      9%          1    #......
b - Confuse               Hex            ##......     24%         3    ###....


Dungeon Overview and Level Annotations

Branches:
Dungeon (4/15)             Temple (1/1) D:4

Altars:
Ashenzari
Cheibriados
Dithmenos
Elyvilon
Fedhas
Gozag
Hepliaklqana
Kikubaaqudgha
Nemelex Xobeh
Qazlal
Sif Muna
Trog
Uskayaw
Vehumet
Xom
Zin
The Shining One

Annotations:
D:2 Sigmund
D:3 Grinder
D:4 FessEmpty4's ghost, amateur DsNe


Innate Abilities, Weirdness & Mutations

You cannot be hasted, slowed, berserked, paralysed or teleported.
You can dig through walls and to a lower floor.
Your four strong arms can wield two-handed weapons with a shield.
You have a pair of large antennae on your head. (SInv)


Message History

You feel sick.
Sigmund points at you and mumbles some strange words.
The puff of flame hits you!
Sigmund points at you and mumbles some strange words.
The puff of flame misses you.
You feel sick.
Your magical contamination has completely faded away.
You feel sick.
You feel sick.
You see here 23 stones.
You feel sick.
You feel sick.
You feel sick.
You feel sick.
You feel sick.
You feel sick.
You are no longer poisoned.
Sigmund points at you and mumbles some strange words.
The puff of flame hits you!
You die...

.....####.####.#...####..........
...................#############.
.....####.#######..#........####.
..#................#.#####.......
..#........######.##.# #.......
...........######.##.# #.......
##.............@...#)# #.......
...........######..#.# #.......
................@..#.#####.......
##########@#######......##.......
.........#.#....##......##.......
######.###.#.##.##.@....###......
#...#.......##.##.#.#### #......
##.........####.##(#.######......
...........#.....#.#.....@.......
##.........#.##.@#.########......
######.###.#.......# #......


You could see Sigmund (invisible).

Vanquished Creatures
  An ogre (D:2)
  A howler monkey (D:2)
  2 orc wizards (D:3)
  2 worker ants (D:4)
  Terence (D:1)
  3 adders
  2 oozes
  4 dart slugs
  6 leopard geckos
  4 orcs
  5 giant cockroaches
  15 goblins
  9 hobgoblins
  8 kobolds
  6 bats
  5 frilled lizards
  A jackal skeleton (D:4)
  A leopard gecko skeleton (D:4)
  12 rats
88 creatures vanquished.

Notes
Turn   | Place    | Note
-------+----------+-------------------------------------------
     0 | D:1      | DildoBatman the Formicid Enchanter began the quest for the Orb.
     0 | D:1      | Reached XP level 1. HP: 13/13 MP: 3/3
    41 | D:1      | Reached skill level 1 in Fighting
    91 | D:1      | Reached XP level 2. HP: 14/22 MP: 3/5
   684 | D:1      | Reached XP level 3. HP: 28/28 MP: 6/6
   694 | D:1      | Learned a level 3 spell: Confuse
  1355 | D:2      | Reached XP level 4. HP: 23/35 MP: 2/7
  1652 | D:2      | Reached skill level 1 in Armour
  1652 | D:2      | Reached skill level 4 in Stealth
  1980 | D:2      | Reached XP level 5. HP: 27/41 MP: 6/8
  2470 | D:3      | Found a bloodstained altar of Trog.
  2474 | D:3      | Found an opulent altar of Gozag.
  2494 | D:3      | Noticed an ogre
  2654 | D:3      | Found a snail-covered altar of Cheibriados.
  2710 | D:3      | Found a hide-covered altar of Uskayaw.
  2843 | D:3      | Noticed Terence
  2903 | D:3      | Noticed Grinder
  3029 | D:3      | Reached XP level 6. HP: 26/47 MP: 3/9
  3127 | D:3      | Found a hazy altar of Hepliaklqana.
  3165 | D:3      | Noticed Sigmund
  3240 | D:4      | Noticed FessEmpty4's ghost (amateur DsNe)
  4435 | D:4      | Found a staircase to the Ecumenical Temple.
  4444 | Temple   | Entered the Ecumenical Temple
  4484 | Temple   | Became a worshipper of Sif Muna the Loreminder
  4912 | D:1      | Killed Terence
  5314 | D:2      | Killed an ogre
  5314 | D:2      | Reached XP level 7. HP: 51/53 MP: 2/10
  5421 | D:2      | Killed from afar by Sigmund

Skill      XL: |  1  2  3  4  5 |
---------------+----------------+-----
Fighting       | 1 2 3 |  3.8
Dodging        | 2 |  2.7
Armour         | 2 3 |  3.9
Stealth        | 4 |  4.9
Short Blades   | |  1.0
Spellcasting   | |  2.5
Hexes          | |  3.9

Action                   |  1- 3 |  4- 6 |  7- 9 || total
-------------------------+-------+-------+-------++-------
Melee: Dagger            |   123 |   101 |       ||   224
       Short sword       |       |     6 |       ||     6
       Quarterstaff      |       |    88 |       ||    88
       Mace              |       |    42 |     7 ||    49
 Cast: Corona            |    23 |    38 |       ||    61
       Confuse           |     1 |    20 |     2 ||    23
 Abil: Dig               |     2 |     3 |       ||     5
Evoke: Wand              |       |     1 |       ||     1
  Use: Scroll            |       |     4 |       ||     4
 Stab: Sleeping          |     4 |       |       ||     4
       Paralysed         |       |     7 |       ||     7
       Confused          |       |     2 |     2 ||     4
  Eat: Chunk             |     2 |     9 |       ||    11
       Ration            |       |     2 |       ||     2
Armor: Robe              |    12 |       |       ||    12
       Leather armour    |    17 |       |       ||    17
       Ring mail         |     3 |    69 |     1 ||    73
Dodge: Dodged            |    84 |   131 |     3 ||   218
